 Dungeon Crawl Stone Soup version 0.27.0-1-g7a089689b8 (webtiles) character file.

Game seed: 8204300152205354120

567079 frimble the Brawler (level 25, -23/256 HPs)
             Began as a Troll Warper on Aug 9, 2021.
             Was the Champion of Cheibriados.
             Annihilated by a golden dragon (42 damage)
             ... on level 2 of the Realm of Zot.
             The game lasted 01:40:15 (47819 turns).

frimble the Brawler (Troll Warper)                 Turns: 47819, Time: 01:40:16

Health: -23/256    AC: 18    Str: 41    XL:     25   Next: 52%
Magic:  0/42       EV: 14    Int: 42    God:    Cheibriados [******]
Gold:   3132       SH: 15    Dex: 28    Spells: 24/46 levels left

rFire    + . .     SeeInvis .     - Unarmed
rCold    + . .     Faith    .   H - +0 kite shield of Parts Unknown {rN++ Stlth+}
rNeg     + + .     Spirit   +   l - +4 moon troll leather armour {Spirit, Regen++ MP+5}
rPois    +         Reflect  .   h - +2 hat of the Distant Future {Will+++ Int+4}
rElec    .         Harm     .   s - +0 cloak of the Thirsty Mystics {Drain Will+++ Regen+ Dex+7}
rCorr    .         Rampage  .   (gloves unavailable)
Will     +++++                  (boots unavailable)
Stlth    ++++......             D - amulet of the Grey Skies {rF+ Will++ Regen+ Stlth-}
HPRegen  5.52/turn              R - ring "Uvatz" {rPois rC+ Int+6 Dex-3 Stlth+}
MPRegen  0.28/turn              J - +4 ring of protection

@: about to teleport, on berserk cooldown, slowed, studying Short Blades, very
slow
A: large, unfitting armour, claws 3, regeneration 1, shaggy fur 1, tough skin 1
}: 3/15 runes: decaying, silver, gossamer
a: Renounce Religion, Bend Time, Temporal Distortion, Slouch, Step From Time


You were on level 2 of the Realm of Zot.
You worshipped Cheibriados.
Cheibriados was exalted by your worship.
You visited 10 branches of the dungeon, and saw 47 of its levels.
You also visited: Sewer, Ossuary, Bailey, Gauntlet and Ice Cave.

You collected 6824 gold pieces.
You spent 3692 gold pieces at shops.

Inventory:

Missiles
 c - 14 boomerangs of dispersal
 d - 8 silver boomerangs
 z - 10 throwing nets
 I - 2 curare-tipped darts
 P - 118 large rocks (quivered)
 S - 14 javelins
Armour
 f - a +0 tower shield
 h - the +2 hat of the Distant Future (worn) {Will+++ Int+4}
   (You acquired it on level 2 of the Vaults)

   Int:       It affects your intelligence (+4).
   Will:      It greatly increases your willpower.
 l - the +4 moon troll leather armour (worn) {Spirit, Regen++ MP+5}
   (You took it off an orc on level 2 of the Vaults)

   MP:        It affects your magic capacity (+5).
   Regen:     It increases your rate of health regeneration.
 q - a +0 kite shield of reflection
 s - the +0 cloak of the Thirsty Mystics (worn) {Drain Will+++ Regen+ Dex+7}
   (You found it on level 6 of the Dungeon)

   Dex:       It affects your dexterity (+7).
   Regen:     It increases your rate of health regeneration.
   Drain:     It drains your maximum health when unequipped.
   Will:      It greatly increases your willpower.
 H - the +0 kite shield of Parts Unknown (worn) {rN++ Stlth+}
   (You took it off Asterion on level 3 of the Spider Nest)

   rN:        It greatly protects you from negative energy.
   Stlth:     It makes you more stealthy.
Jewellery
 t - the amulet of Riqeest {rC+ Regen+ rCorr}
   (You took it off an orc knight on level 2 of the Vaults)

   [amulet of regeneration]

   rC:        It protects you from cold.
   Regen:     It increases your rate of health regeneration.
   rCorr:     It protects you from acid and corrosion.
 D - the amulet of the Grey Skies (around neck) {rF+ Will++ Regen+ Stlth-}
   (You found it in a Gauntlet)

   [amulet of regeneration]

   rF:        It protects you from fire.
   Regen:     It increases your rate of health regeneration.
   Will:      It greatly increases your willpower.
   Stlth:     It makes you less stealthy.
 J - a +4 ring of protection (right claw)
 R - the ring "Uvatz" (left claw) {rPois rC+ Int+6 Dex-3 Stlth+}
   (You found it in a Gauntlet)

   [ring of intelligence]

   Int:       It affects your intelligence (+6).
   Dex:       It affects your dexterity (-3).
   rC:        It protects you from cold.
   rPois:     It protects you from poison.
   Stlth:     It makes you more stealthy.
 W - a +6 ring of intelligence
Wands
 r - a wand of mindburst (40)
 A - a wand of paralysis (42)
 L - a wand of charming (55)
 M - a wand of digging (14)
 Q - a wand of iceblast (27)
 X - a wand of acid (27)
Scrolls
 a - 7 scrolls of enchant weapon
 b - 4 scrolls of blinking
 j - 3 scrolls of vulnerability
 k - 4 scrolls of fog
 n - 4 scrolls of holy word
 o - a scroll of silence
 x - 26 scrolls of teleportation
 C - 4 scrolls of immolation
 E - 25 scrolls of identify
 F - 11 scrolls of enchant armour
 N - 5 scrolls of magic mapping
 T - 7 scrolls of amnesia
 Y - 3 scrolls of brand weapon
Potions
 e - 9 potions of mutation
 g - 11 potions of flight
 i - 9 potions of attraction
 m - 17 potions of curing
 p - 5 potions of brilliance
 u - 15 potions of heal wounds
 v - 15 potions of might
 w - 4 potions of invisibility
 B - 5 potions of magic
 G - 2 potions of cancellation
 K - 3 potions of resistance
 V - 4 potions of ambrosia
Miscellaneous
 y - a condenser vane
 O - a lightning rod (4/4)
 U - a box of beasts
 Z - a tin of tremorstones (2/2)


   Skills:
 + Level 16.1 Fighting
 + Level 13.7 Throwing
 - Level 5.0 Armour
 - Level 5.7 Dodging
 - Level 4.0 Stealth
 - Level 9.0 Shields
 + Level 20.9 Unarmed Combat
 - Level 11.0 Spellcasting
 + Level 11.6 Necromancy
 - Level 7.2 Translocations
 - Level 12.0 Transmutations
 - Level 10.0 Earth Magic
 - Level 11.2 Invocations
 - Level 8.0 Evocations


You had 24 spell levels left.
You knew the following spells:

 Your Spells              Type           Power      Damage    Failure   Level
a - Blink                 Tloc           N/A        N/A       1%          2
b - Apportation           Tloc           100%       N/A       1%          1
c - Manifold Assault      Tloc           71%        N/A       1%          5
d - Statue Form           Tmut/Erth      57%        N/A       2%          6
e - Necromutation         Tmut/Necr      44%        N/A       61%         8

Your spell library contained the following spells:

 Spells                   Type           Power      Damage    Failure   Level
 Animate Skeleton         Necr           100%       N/A       0%          1
 Beastly Appendage        Tmut           100%       N/A       0%          1
 Pain                     Necr           100%       1d9       0%          1
 Wereblood                Tmut           89%        N/A       0%          2
 Corona                   Hex            25%        N/A       1%          1
 Magic Dart               Conj           92%        1d7       1%          1
 Sandblast                Erth           100%       2d20      1%          1
 Shock                    Conj/Air       92%        1d8       1%          1
 Summon Small Mammal      Summ           92%        N/A       1%          1
 Corpse Rot               Necr/Air       N/A        N/A       1%          2
 Passwall                 Tmut/Erth      71%        N/A       1%          2
 Sublimation of Blood     Necr           44%        N/A       1%          2
 Gell's Gravitas          Tloc           35%        N/A       1%          3
 Lesser Beckoning         Tloc           35%        N/A       1%          3
 Portal Projectile        Hex/Tloc       100%       N/A       1%          3
 Spider Form              Tmut/Pois      32%        N/A       1%          3
 Teleport Other           Tloc           71%        N/A       1%          3
 Animate Armour           Summ/Erth      100%       N/A       1%          4
 Dispel Undead            Necr           88%        3d28      1%          4
 Leda's Liquefaction      Hex/Erth       30%        N/A       1%          4
 Blade Hands              Tmut           44%        N/A       1%          5
 Excruciating Wounds      Necr           44%        N/A       1%          5
 Lee's Rapid Deconstruct  Erth           41%        3d21*     1%          5
 Death Channel            Necr           44%        N/A       1%          6
 Call Imp                 Summ           23%        N/A       2%          2
 Poisonous Vapours        Pois/Air       46%        N/A       2%          2
 Iskenderun's Mystic Bla  Conj/Tloc      52%        2d11      3%          4
 Call Canine Familiar     Summ           23%        N/A       4%          3
 Dazzling Flash           Conj/Hex       46%        N/A       4%          3
 Mephitic Cloud           Conj/Pois/Air  23%        N/A       4%          3
 Ozocubu's Armour         Ice            23%        N/A       4%          3
 Summon Guardian Golem    Hex/Summ       23%        N/A       4%          3
 Swiftness                Air            23%        N/A       4%          3
 Dispersal                Tloc           35%        N/A       12%         6
 Airstrike                Air            11%        N/A       14%         4
 Cause Fear               Hex            11%        N/A       14%         4
 Fulminant Prism          Conj/Hex       11%        3d9       14%         4
 Olgreb's Toxic Radiance  Pois           23%        N/A       14%         4
 Summon Ice Beast         Ice/Summ       23%        N/A       14%         4
 Summon Lightning Spire   Summ/Air       23%        N/A       14%         4
 Eringya's Noxious Bog    Tmut/Pois      32%        N/A       19%         6
 Iron Shot                Conj/Erth      30%        9d6       28%         6
 Freezing Cloud           Conj/Ice/Air   11%        6-21      38%         5
 Iskenderun's Battlesphe  Conj           23%        2d8       38%         5
 Metabolic Englaciation   Hex/Ice        11%        N/A       38%         5
 Summon Mana Viper        Hex/Summ       23%        N/A       38%         5
 Borgnjor's Revivificati  Necr           44%        N/A       63%         8
 Infestation              Necr           44%        N/A       63%         8
 Storm Form               Tmut/Air       32%        N/A       71%         7
 Starburst                Conj/Fire      11%        8x6d5     92%         6
 Monstrous Menagerie      Summ           11%        N/A       100%        7
 Orb of Destruction       Conj           11%        9d5       100%        7
 Ozocubu's Refrigeration  Ice            11%        4d7       100%        7
 Spellforged Servitor     Conj/Summ      11%        N/A       100%        7
 Summon Hydra             Summ           11%        N/A       100%        7
 Ignition                 Fire           11%        3d5       100%        8
 Maxwell's Capacitive Co  Air            11%        ∞         100%        8
 Death's Door             Necr           44%        N/A       100%        9
 Polar Vortex             Ice            11%        N/A       100%        9
 Shatter                  Erth           41%        3d32*     100%        9


Dungeon Overview and Level Annotations

Branches:
Dungeon (15/15)            Temple (1/1) D:5            Lair (6/6) D:11
  Swamp (4/4) Lair:4       Spider (4/4) Lair:4        Slime (0/5) Lair:6
    Orc (2/2) D:11            Elf (3/3) Orc:2        Vaults (5/5) D:13
  Crypt (0/3) Vaults:3     Depths (5/5) D:15            Zot (1/5) Depths:5
  Sewer (visited)         Ossuary (visited)          Bailey (visited)
  IceCv (visited)         Gauntlet (visited)

Altars:
Ashenzari
Cheibriados
Fedhas
Gozag
Hepliaklqana
Kikubaaqudgha
Makhleb
Nemelex Xobeh
Okawaru
Qazlal
Ru
Sif Muna
Trog
Uskayaw
Wu Jian
Xom
Zin
The Shining One
Beogh
Jiyva

Shops:
D:5 [   D:11 :   Orc:1 *   Orc:2 :*[(   Vaults:3 (   Vaults:5 [!
Depths:3 =::(

Portals:
Hell: Depths:1 Depths:2 Depths:3 Depths:4 Depths:5
Abyss: Depths:2 Depths:3 Depths:4 Depths:5
Pandemonium: Depths:2 Depths:3
Ziggurat: Depths:3

Annotations:
D:6 1 runed translucent door, Lemondrips's ghost, novice DjWn
D:9 1 runed translucent door, Spaninq's ghost, novice TrAE
Elf:2 3 runed translucent doors


Innate Abilities, Weirdness & Mutations

You are too large for most types of armour.
You have claws for hands.
Your natural rate of healing is unusually fast.
You are covered in fur. (AC +1)
You have tough skin. (AC +1)


Message History

You block the moth of wrath's attack. The golden dragon bites you!!
* * * LOW HITPOINT WARNING * * *
You block the golden dragon's attack.
The golden dragon tramples you but does no damage.
A moth of wrath comes into view.
The red draconian hits you from afar with a +0 halberd!
* * * LOW HITPOINT WARNING * * *
The moth of wrath's fur bristles in rage as it notices you.
Unknown command.
Unknown command.
You block the quicksilver dragon's attack. x4
The black draconian rages.
The quicksilver dragon bites you!
* * * LOW HITPOINT WARNING * * *
You block the quicksilver dragon's attack.
The moth of wrath bites you.
* * * LOW HITPOINT WARNING * * *
The green draconian annihilator hits you with a +3 vorpal long sword.
* * * LOW HITPOINT WARNING * * *
x2 You block the green draconian annihilator's attack.
The yellow draconian stormcaller invokes the aid of Qazlal against you.
Qazlal smites you!
* * * LOW HITPOINT WARNING * * *
The golden dragon bites you!!
* * * LOW HITPOINT WARNING * * *
The golden dragon misses you. The golden dragon tramples you!
* * * LOW HITPOINT WARNING * * *
You stumble backwards!
Found a scroll of amnesia.
Unknown command.
Unknown command.
Unknown command.
You feel your anger nearly subside.
You are no longer berserk.
You are exhausted.
You feel yourself slow down.
The black draconian rages.
The yellow draconian stormcaller mumbles some strange prayers to Qazlal.
The green draconian annihilator gestures wildly while chanting.
The green draconian annihilator blinks!
The golden dragon bites you!!!
You die...

## #.. ..=.#####
....#...#
........#
#.....!@#
?.....DD##
.......y§##
......yqyd##
........yqX#####
.......q..ddy..#
..#........Dy..#
#.##...k.q.....#
#.##...)...#......


You could see a tentacled monstrosity, a red draconian monk (berserk), a golden
dragon (berserk), a black draconian (berserk), 2 draconians, 2 quicksilver
dragons, a yellow draconian stormcaller, a green draconian annihilator, a purple
draconian scorcher, a lindwurm (summoned) and 5 moths of wrath.

Vanquished Creatures
  A dread lich (Vaults:5)
  Mennas (Vaults:5)
  A juggernaut (Depths:3)
  An ancient lich (Vaults:5)
  A royal mummy (Depths:2)
  Sojobo (Vaults:2)
  Boris (twice) (Vaults:2 Depths:3)
  Saint Roka (Depths:5)
  The ghost of Ugguttuj the Peltast, a veteran DrWn of Okawaru (Vaults:2)
  7 caustic shrikes
  the Lernaean hydra (Swamp:4)
  6 golden dragons
  A bone dragon (Depths:5)
  Arachne (Spider:4)
  the Enchantress (Depths:4)
  A lich (Depths:3)
  5 titans
  Asterion (Spider:3)
  5 tentacled monstrosities
  A deep elf blademaster (Elf:3)
  3 quicksilver dragons
  Frances (Elf:1)
  4 deep elf master archers (Elf:3)
  6 sphinxes
  Agnes (Elf:1)
  6 tengu reavers
  8 shadow dragons
  Donald (Spider:3)
  2 draconian monks
  An iron dragon (Depths:5)
  A fenstrider witch (Swamp:4)
  6 storm dragons
  Aizul (Swamp:1)
  5 ghost moths
  7 fire giants
  A draconian shifter (Depths:5)
  5 deep elf sorcerers
  23 vault wardens
  6 frost giants
  A ghost moth (shapeshifter) (Vaults:5)
  A balrug (Depths:2)
  3 orc warlords
  11 ironbound preservers
  4 deep elf elementalists (Elf:3)
  31 very ugly things
  9 emperor scorpions
  8 spriggan defenders
  A draconian annihilator (Depths:5)
  22 stone giants
  2 war gargoyles
  6 caustic shrike skeletons (Depths:4)
  2 vampire knights
  6 deep elf demonologists
  A green draconian (Depths:5)
  A black draconian (Depths:5)
  14 deep elf annihilators
  5 dire elephants
  3 yellow draconians
  2 white draconians (Depths:5)
  3 entropy weavers
  6 spark wasps
  2 bunyips (Swamp:1)
  A minotaur (Gauntlet)
  A red draconian (Depths:5)
  A blizzard demon (Gauntlet)
  11 ettins
  A quicksilver dragon zombie (Depths:2)
  5 deep elf death magi
  3 eleionomae
  12 great orbs of eyes
  12 fire dragons
  5 deep elf high priests (Elf:3)
  15 yaktaur captains
  Harold (Lair:2)
  7 ice dragons
  8 boulder beetles
  32 vault guards
  3 ironbound thunderhulks
  An ice dragon (shapeshifter) (Elf:1)
  3 ogre magi
  5 rakshasas
  A peacekeeper (Vaults:3)
  25 hydras
  3 ghost crabs
  6 catoblepae
  9 centaur warriors
  10 ironbound frosthearts
  9 spriggan air magi
  An anaconda (shapeshifter) (Vaults:5)
  3 death knights
  10 two-headed ogres
  5 alligators
  A hell hog (Gauntlet)
  7 deep troll shamans
  5 ironbound beastmasters
  21 dancing weapons
  28 death yaks
  7 deep troll earth magi
  6 tengu warriors
  5 orc high priests
  10 spriggan berserkers
  A vampire mage (D:15)
  9 deep elf knights
  A soul eater (Depths:2)
  Nergalle (Lair:2)
  5 hell knights (Depths:5)
  7 iron trolls
  2 fire crabs
  A fire crab (shapeshifter) (D:14)
  A shadow wraith (Vaults:3)
  47 deep trolls
  A torturous demonspawn (Depths:2)
  2 salamander mystics (Depths:5)
  3 goliath frogs
  A flayed ghost (Depths:3)
  A spark wasp zombie (Depths:2)
  9 spriggan druids
  9 wizards
  6 phantasmal warriors
  2 tengu zombies (Depths:2)
  12 deep elf archers
  3 harpies (Vaults:1)
  12 deep elf zephyrmancers
  22 ironbound convokers
  Pikel (D:8)
  13 orc knights
  2 lindwurms (Vaults:1)
  7 swamp dragons
  9 necromancers
  9 orc sorcerers
  20 deep elf pyromancers
  3 stone giant zombies
  62 ugly things
  17 orb spiders
  3 manticores
  A moth of wrath (shapeshifter) (D:14)
  7 cyclopes
  23 wolf spiders
  A moth of wrath (Spider:3)
  4 salamanders (Depths:5)
  10 elephants
  2 will-o-the-wisps (Swamp:4)
  6 black mambas
  An ice statue (IceCv)
  19 vault sentinels
  4 gargoyles
  12 cane toads
  4 torpor snails
  4 unseen horrors
  A rime drake (shapeshifter) (D:13)
  Psyche (D:8)
  Maggie (D:7)
  10 demonic crawlers
  5 spriggan zombies (Depths:2)
  30 yaktaurs
  A freezing wraith (D:13)
  A yaktaur (shapeshifter) (D:14)
  2 rime drakes (Lair:4)
  7 komodo dragons
  A red devil (Depths:2)
  3 guardian mummies (Depths:2)
  2 tengu conjurers
  10 trolls
  6 tyrant leeches
  30 jumping spiders
  9 large abominations
  2 polar bears (shapeshifter)
  11 polar bears
  22 hornets
  44 slime creatures
  11 blink frogs
  7 air elementals
  67 redbacks
  A ynoxinul (Depths:2)
  A spriggan (shapeshifter) (Vaults:5)
  46 spriggans
  3 wyverns
  2 vampires
  37 tarantellas
  2 water elementals
  3 wraiths
  3 small abominations (Depths:3)
  A fire bat (shapeshifter) (D:14)
  87 yaks
  2 fire bats (Gauntlet)
  2 fire elementals
  5 basilisks
  2 chaos spawn (Depths:3)
  Grum (D:8)
  Edmund (D:3)
  13 swamp worms
  A warg (Orc:2)
  A hell hound (Gauntlet)
  16 water moccasins
  2 acid dragons
  A floating eye (Depths:5)
  45 orc warriors
  8 swamp drakes (Swamp:4)
  2 black bears
  2 sky beasts
  A black bear (shapeshifter) (D:14)
  A necrophage (D:8)
  38 wolves
  3 boggarts (Vaults:1)
  7 ogres
  15 centaurs
  4 elf zombies
  10 kobold brigands
  A wyvern zombie (D:7)
  Blork the orc (D:4)
  10 bullfrogs
  4 scorpions
  An earth elemental (Elf:2)
  9 gnoll sergeants
  11 killer bees
  3 wights (D:8)
  6 howler monkeys
  4 electric eels
  A bullfrog zombie (D:7)
  A human simulacrum (Vaults:3)
  A centaur zombie (D:10)
  24 orc priests
  8 gnoll shamans
  9 hounds
  2 jellies
  A centaur skeleton (D:6)
  2 human zombies
  A bullfrog skeleton (D:5)
  Terence (D:3)
  3 iguanas
  31 orc wizards
  3 hound zombies (Ossuary)
  A hound skeleton (D:5)
  11 mummies
  Robin (D:3)
  A howler monkey zombie (D:5)
  24 gnolls
  A howler monkey skeleton (D:4)
  10 adders
  3 river rats
  A shadow imp (D:6)
  16 white imps
  An ufetubus (D:5)
  2 adder skeletons (D:4)
  An adder zombie (Ossuary)
  8 worms
  4 dart slugs (D:1)
  89 orcs
  6 ball pythons
  4 bats
  13 endoplasms
  6 giant cockroaches
  15 goblins
  9 hobgoblins
  6 jackals
  6 quokkas
  4 frilled lizards
  A gnoll zombie (Ossuary)
  2 hobgoblin zombies (Ossuary)
  A jackal zombie (Ossuary)
  32 kobolds
  An orc zombie (Ossuary)
  11 rats
  A rat zombie (Ossuary)
2056 creatures vanquished.

Vanquished Creatures (collateral kills)
  A deep elf knight (Elf:3)
  A deep elf archer (Elf:3)
  A deep elf zephyrmancer (Elf:3)
  A kobold brigand (D:7)
  A kobold (D:7)
5 creatures vanquished.

Vanquished Creatures (others)
  An orc warlord (Vaults:2)
  A fire dragon (Depths:3)
  A shadow wraith (Vaults:5)
  A wizard (Depths:1)
  2 boggarts (Vaults:1)
  A kobold (D:8)
  2 demonic plants (Gauntlet)
  15 foxfires (Swamp:4)
  28 fungi
  69 plants
121 creatures vanquished.

Grand Total: 2182 creatures vanquished

Notes
Turn   | Place    | Note
-------+----------+-------------------------------------------
     0 | D:1      | frimble the Troll Warper began the quest for the Orb.
     0 | D:1      | Reached XP level 1. HP: 19/19 MP: 1/1
    73 | D:1      | Reached skill level 1 in Throwing
    87 | D:1      | Reached XP level 2. HP: 28/28 MP: 3/3
   260 | D:1      | Reached XP level 3. HP: 33/35 MP: 4/4
   773 | D:2      | Reached XP level 4. HP: 42/42 MP: 5/5
  1237 | D:3      | Noticed Terence
  1265 | D:3      | Killed Terence
  1358 | D:3      | Noticed Robin
  1377 | D:3      | Killed Robin
  1378 | D:3      | Reached XP level 5. HP: 35/49 MP: 6/6
  1446 | D:3      | Found a broken altar of Ashenzari.
  1832 | D:3      | Found a faded altar of an unknown god.
  1834 | D:3      | Reached skill level 3 in Unarmed Combat
  2166 | D:3      | Learned a level 2 spell: Blink
  2185 | D:4      | Found a glowing drain.
  2185 | D:4      | Noticed Edmund
  2193 | D:4      | Noticed Blork the orc
  2206 | D:3      | Killed Edmund
  2207 | D:3      | Reached XP level 6. HP: 33/59 MP: 6/8
  2226 | D:4      | Killed Blork the orc
  2268 | Sewer    | Entered a sewer
  2394 | Sewer    | Reached XP level 7. HP: 30/67 MP: 9/9
  2581 | Sewer    | Reached skill level 4 in Unarmed Combat
  3299 | D:4      | Reached XP level 8. HP: 55/78 MP: 11/11
  3765 | D:4      | Learned a level 1 spell: Apportation
  3783 | D:5      | Entered Level 5 of the Dungeon
  3783 | D:5      | Found Sauttom's Armour Emporium.
  3837 | D:5      | Bought a +0 cloak for 58 gold pieces
  3969 | D:5      | Found a staircase to the Ecumenical Temple.
  3986 | D:5      | Got Kikubaaqudgha's Disquisition on Necromancy
  4345 | D:6      | Found a sand-covered staircase.
  4350 | Ossuary  | Entered an ossuary
  4382 | Ossuary  | Reached skill level 5 in Unarmed Combat
  4773 | D:6      | Found a runed translucent door.
  4773 | D:6      | Noticed Lemondrips's ghost (novice DjWn)
  4863 | D:6      | Identified the +0 cloak of the Thirsty Mystics {Drain
                  | Will+++ Regen+ Dex+7}
  5487 | D:7      | Reached XP level 9. HP: 85/85 MP: 13/13
  5572 | D:7      | Found Zin's Purification Station.
  5585 | D:7      | Found a glowing silver altar of Zin.
  5590 | D:7      | Bought a potion of curing for 90 gold pieces
  5746 | D:7      | Noticed Maggie
  5777 | D:7      | Killed Maggie
  5778 | D:7      | Reached skill level 5 in Throwing
  5796 | D:7      | Noticed a gargoyle
  5804 | D:7      | Reached skill level 5 in Fighting
  5804 | D:7      | Reached skill level 6 in Unarmed Combat
  5812 | D:7      | Killed a gargoyle
  5813 | D:7      | Reached skill level 5 in Translocations
  5976 | D:8      | Noticed Psyche
  5983 | D:8      | Killed Psyche
  6011 | D:8      | Reached skill level 1 in Evocations
  6122 | D:8      | Reached XP level 10. HP: 96/98 MP: 15/15
  6158 | D:8      | Noticed a deep elf pyromancer
  6163 | D:8      | Killed a deep elf pyromancer
  6164 | D:8      | Reached skill level 7 in Unarmed Combat
  6168 | D:8      | Noticed a green ugly thing
  6168 | D:8      | Noticed Pikel
  6173 | D:8      | Killed Pikel
  6181 | D:8      | Killed a green ugly thing
  6250 | D:8      | Noticed Grum
  6273 | D:8      | Killed Grum
  6274 | D:8      | Reached skill level 8 in Unarmed Combat
  6287 | D:8      | Found a flagged portal.
  6296 | Bailey   | Entered a bailey
  7126 | D:8      | Found a bloodstained altar of Trog.
  7402 | D:9      | Reached XP level 11. HP: 46/109 MP: 16/16
  7455 | D:9      | Learned a level 5 spell: Manifold Assault
  7627 | D:9      | Reached skill level 9 in Unarmed Combat
  7762 | D:9      | Found a runed translucent door.
  7869 | D:9      | Noticed Spaninq's ghost (novice TrAE)
  7869 | D:9      | Identified the +8 trident "Ogyidda" {drain, Drain rPois
                  | Will+ rCorr}
  8005 | D:10     | Entered Level 10 of the Dungeon
  8069 | D:10     | Found an iron altar of Okawaru.
  8069 | D:10     | Found a shimmering blue altar of Sif Muna.
  8102 | D:10     | Found an opulent altar of Gozag.
  8110 | D:10     | Found a sacrificial altar of Ru.
  8120 | D:10     | Found a sparkling altar of Nemelex Xobeh.
  8237 | D:10     | Noticed a two-headed ogre
  8265 | D:10     | Killed a two-headed ogre
  8604 | D:10     | Found a hide-covered altar of Uskayaw.
  8606 | D:10     | Found a glowing golden altar of the Shining One.
  9015 | D:11     | Noticed a two-headed ogre
  9023 | D:11     | Killed a two-headed ogre
  9024 | D:11     | Reached skill level 1 in Armour
  9036 | D:11     | Found a staircase to the Lair.
  9042 | D:11     | Found Idihutwu's Book Shop.
  9127 | D:11     | Noticed a six-headed hydra
  9145 | D:11     | Killed a six-headed hydra
  9146 | D:11     | Reached skill level 10 in Unarmed Combat
  9458 | D:11     | Noticed a five-headed hydra
  9484 | D:11     | Killed a five-headed hydra
  9624 | D:11     | Found a staircase to the Orcish Mines.
  9716 | D:11     | Noticed a two-headed ogre
  9728 | D:11     | Killed a two-headed ogre
  9729 | D:11     | Reached XP level 12. HP: 94/123 MP: 17/17
 10022 | D:12     | Found a frozen archway.
 10075 | IceCv    | Entered an ice cave
 10292 | IceCv    | Reached skill level 11 in Unarmed Combat
 10513 | IceCv    | Noticed a death yak
 10542 | IceCv    | Killed a death yak
 10543 | IceCv    | Reached skill level 5 in Armour
 10592 | IceCv    | Noticed a death yak
 10592 | IceCv    | Noticed a death yak
 10602 | IceCv    | Noticed a death yak
 10604 | IceCv    | Killed a death yak
 10628 | IceCv    | Killed a death yak
 10633 | IceCv    | Killed a death yak
 10634 | IceCv    | Reached skill level 10 in Fighting
 10726 | IceCv    | Noticed an ironbound frostheart
 10726 | IceCv    | Noticed a death yak
 10726 | IceCv    | Noticed a death yak
 10726 | IceCv    | Noticed a death yak
 10726 | IceCv    | Noticed an ironbound frostheart
 10734 | IceCv    | Killed a death yak
 10742 | IceCv    | Killed a death yak
 10742 | IceCv    | Killed a death yak
 10744 | IceCv    | Killed an ironbound frostheart
 10744 | IceCv    | Killed an ironbound frostheart
 10745 | IceCv    | Reached skill level 12 in Unarmed Combat
 10745 | IceCv    | Reached XP level 13. HP: 109/133 MP: 18/18
 10800 | IceCv    | Got the Collected Works on Ice
 10805 | IceCv    | Identified the ring "Guyboicis" {rN+ MP+9 Dex+6 Slay-5}
 11128 | D:12     | Reached skill level 5 in Dodging
 11714 | D:13     | Found a gate leading to a gauntlet.
 11721 | Gauntlet | Entered a Gauntlet
 11721 | Gauntlet | Found a transporter.
 11721 | Gauntlet | Found a transporter.
 11726 | Gauntlet | Found a transporter.
 11741 | Gauntlet | Found a transporter.
 11757 | Gauntlet | Found a transporter.
 11770 | Gauntlet | Found a transporter.
 11788 | Gauntlet | Found a transporter.
 11856 | Gauntlet | Found a transporter.
 11871 | Gauntlet | Found a transporter.
 11887 | Gauntlet | Found a transporter.
 11899 | Gauntlet | Found a transporter.
 11915 | Gauntlet | Found a transporter.
 11982 | Gauntlet | Found a transporter.
 11984 | Gauntlet | Noticed a blizzard demon
 11998 | Gauntlet | Found a transporter.
 12026 | Gauntlet | Found a transporter.
 12036 | Gauntlet | Found a transporter.
 12199 | Gauntlet | Killed a blizzard demon
 12215 | Gauntlet | Identified the ring "Uvatz" {rPois rC+ Int+6 Dex-3 Stlth+}
 12246 | Gauntlet | Identified the amulet of the Grey Skies {rF+ Will++ Regen+
                  | Stlth-}
 12312 | Gauntlet | Noticed a minotaur
 12321 | Gauntlet | Killed a minotaur
 12327 | Gauntlet | Identified the +6 trident of Slow Death {vorpal, *Corrode
                  | *Slow rPois rC+++}
 12328 | Gauntlet | Got the Grimoire of Transmutation
 12519 | D:13     | Reached skill level 1 in Stealth
 12533 | D:13     | Found a gate to the Vaults.
 12571 | D:13     | Reached skill level 13 in Unarmed Combat
 12689 | D:13     | Reached skill level 5 in Evocations
 12822 | D:13     | Reached XP level 14. HP: 91/146 MP: 19/19
 13289 | D:14     | Identified the +4 ring mail "Eczud" {+Blink Will- Str-3
                  | Int+8}
 14008 | D:14     | Noticed an orc warlord
 14017 | D:14     | Killed an orc warlord
 14243 | D:14     | Noticed a storm dragon
 14258 | D:14     | Killed a storm dragon
 14455 | D:14     | Noticed a storm dragon
 14471 | D:14     | Killed a storm dragon
 14578 | D:15     | Entered Level 15 of the Dungeon
 14632 | D:15     | Reached skill level 14 in Unarmed Combat
 14802 | D:15     | Found a staircase to the Depths.
 15074 | D:11     | Bought a manual of Unarmed Combat for 1040 gold pieces
 15166 | D:14     | Reached XP level 15. HP: 70/156 MP: 20/20
 15841 | Temple   | Entered the Ecumenical Temple
 15870 | Temple   | Became a worshipper of Cheibriados the Contemplative
 16025 | Lair:1   | Entered Level 1 of the Lair of Beasts
 16251 | Lair:1   | Reached * piety under Cheibriados
 16894 | Lair:2   | Noticed Harold
 16911 | Lair:2   | Killed Harold
 16911 | Lair:2   | Reached ** piety under Cheibriados
 17033 | Lair:2   | Reached skill level 15 in Unarmed Combat
 17200 | Lair:2   | You fall into a shaft and drop 2 floors!
 17393 | Lair:4   | Reached *** piety under Cheibriados
 17456 | Lair:4   | Found a staircase to the Swamp.
 17521 | Lair:4   | Found a hole to the Spider Nest.
 18309 | Lair:5   | Reached skill level 1 in Invocations
 18330 | Lair:5   | Reached **** piety under Cheibriados
 18886 | Lair:6   | Entered Level 6 of the Lair of Beasts
 18976 | Lair:6   | Reached ***** piety under Cheibriados
 19245 | Lair:6   | Reached XP level 16. HP: 159/167 MP: 21/21
 19824 | Lair:6   | Found a viscous altar of Jiyva.
 19824 | Lair:6   | Found a staircase to the Slime Pits.
 20198 | Lair:3   | Reached skill level 16 in Unarmed Combat
 20885 | Lair:2   | Reached ****** piety under Cheibriados
 20920 | Lair:2   | Noticed Nergalle
 20933 | Lair:2   | Killed Nergalle
 21448 | Orc:1    | Entered Level 1 of the Orcish Mines
 21515 | Orc:1    | Found Baqargh Lewel's Overcharged Wands.
 21835 | Orc:2    | Entered Level 2 of the Orcish Mines
 22201 | Orc:2    | Found a staircase to the Elven Halls.
 22686 | Orc:2    | Found Pasmessarphe's General Store.
 22687 | Orc:2    | Found Kedgh's Book Emporium.
 22689 | Orc:2    | Found Gaacwuo's Antique Armour Shoppe.
 22689 | Orc:2    | Found Samynu's Antique Weapon Shoppe.
 22704 | Orc:2    | Bought a +2 hat for 272 gold pieces
 22704 | Orc:2    | Bought a scroll of teleportation for 51 gold pieces
 22704 | Orc:2    | Bought a scroll of teleportation for 51 gold pieces
 22719 | Orc:2    | Bought Roxanne's Collected Works on the Mountains for 792
                  | gold pieces
 22726 | Orc:2    | Learned a level 6 spell: Statue Form
 22918 | Elf:1    | Entered Level 1 of the Elven Halls
 22919 | Elf:1    | Noticed Frances
 22939 | Elf:1    | Killed Frances
 22940 | Elf:1    | Reached skill level 1 in Earth Magic
 22940 | Elf:1    | Reached skill level 5 in Invocations
 22941 | Elf:1    | Reached skill level 1 in Transmutations
 22975 | Elf:1    | Paralysed by an air elemental for 1 turns
 23223 | Elf:1    | Got Xealawut's Reference Book on Necromancy
 23286 | Elf:1    | Paralysed by an air elemental for 1 turns
 23306 | Elf:1    | Reached skill level 17 in Unarmed Combat
 23523 | Elf:1    | Noticed Agnes
 23525 | Elf:1    | Paralysed by an air elemental for 1 turns
 23531 | Elf:1    | Reached XP level 17. HP: 150/165 MP: 16/22
 23536 | Elf:1    | Killed Agnes
 23809 | Orc:2    | Bought a kite shield for 148 gold pieces
 23911 | Elf:2    | Found a shimmering altar of Xom.
 24008 | Elf:2    | Reached skill level 1 in Shields
 24079 | Elf:2    | Paralysed by an air elemental for 1 turns
 24425 | Elf:2    | Found a runed translucent gate.
 24426 | Elf:2    | Found a runed translucent gate.
 24426 | Elf:2    | Found a runed translucent gate.
 24481 | Elf:3    | Entered Level 3 of the Elven Halls
 24511 | Elf:3    | Found a runed translucent gate.
 24622 | Elf:3    | Found a runed translucent gate.
 24622 | Elf:3    | Found a runed translucent gate.
 24688 | Elf:3    | Reached skill level 5 in Spellcasting
 25169 | Elf:3    | Noticed a Hell Sentinel
 25170 | Elf:3    | Noticed a deep elf master archer
 25175 | Elf:3    | Killed a deep elf master archer
 25182 | Elf:3    | Noticed a deep elf blademaster
 25196 | Elf:3    | Killed a deep elf blademaster
 25301 | Elf:3    | Noticed a deep elf master archer
 25307 | Elf:3    | Killed a deep elf master archer
 25542 | Elf:3    | Identified the +6 halberd "Worm's Wrath" {vorpal, Str+3
                  | Int+4 Dex-4}
 25547 | Elf:3    | Reached skill level 5 in Shields
 25551 | Elf:3    | Identified the +7 broad axe of Wu Jian's Indignation
                  | {speed, rPois rF++ Str-3}
 25583 | Elf:3    | Identified the +3 scale mail of the Tired Bones {Str+4}
 25685 | Elf:3    | Noticed a deep elf master archer
 25687 | Elf:3    | Noticed a deep elf master archer
 25851 | Elf:3    | Reached XP level 18. HP: 131/184 MP: 24/24
 26121 | Elf:3    | Identified the +4 hunting sling of Day {vorpal, rF+ MP+9
                  | Str+5}
 26126 | Elf:3    | Got the Collected Works on Excruciating Execration
 26167 | Elf:3    | Identified the ring of False Pretenses {rPois rN+ Str+3
                  | Dex+2}
 26593 | Spider:1 | Entered Level 1 of the Spider Nest
 27135 | Spider:1 | Identified the +0 chain mail "Otem Guleosa" {Int+2}
 27481 | Spider:2 | Reached skill level 10 in Invocations
 28548 | Spider:3 | Identified the +0 kite shield of Parts Unknown {rN++
                  | Stlth+}
 28548 | Spider:3 | Noticed Asterion
 28566 | Spider:3 | Killed Asterion
 28679 | Spider:3 | Noticed Donald
 28691 | Spider:3 | Killed Donald
 28719 | Spider:4 | Entered Level 4 of the Spider Nest
 28843 | Spider:4 | Noticed Arachne
 28856 | Spider:4 | Killed Arachne
 28871 | Spider:4 | Reached XP level 19. HP: 113/195 MP: 16/26
 28979 | Spider:4 | Reached skill level 5 in Earth Magic
 29127 | Spider:4 | Got a gossamer rune of Zot
 30482 | Swamp:1  | Entered Level 1 of the Swamp
 30765 | Vaults:1 | Entered Level 1 of the Vaults
 30810 | Vaults:1 | Reached skill level 5 in Transmutations
 31979 | Vaults:2 | Reached XP level 20. HP: 205/205 MP: 26/29
 32193 | Vaults:2 | Noticed Sojobo
 32196 | Vaults:2 | Paralysed by an air elemental for 1 turns
 32200 | Vaults:2 | Paralysed by an air elemental for 1 turns
 32202 | Vaults:2 | Paralysed by an air elemental for 1 turns
 32203 | Vaults:2 | Killed Sojobo
 32286 | Vaults:2 | Identified a scroll of acquirement
 32291 | Vaults:2 | Acquired the +2 hat of the Distant Future {Will+++ Int+4}
 32791 | Vaults:2 | Noticed Boris
 32797 | Vaults:2 | Killed Boris
 32923 | Vaults:2 | Found a runed translucent gate.
 32923 | Vaults:2 | Noticed Ugguttuj's ghost (veteran DrWn)
 32924 | Vaults:2 | Found a runed translucent gate.
 32924 | Vaults:2 | Found a runed translucent gate.
 32925 | Vaults:2 | Identified the +2 kite shield of the New World {Int+5}
 33373 | Vaults:2 | Identified the amulet of Riqeest {rC+ Regen+ rCorr}
 33375 | Vaults:2 | Identified the +2 morningstar "Duawn" {flame, Will+ Int+3}
 33399 | Vaults:2 | Killed Ugguttuj's ghost
 33546 | Vaults:3 | Found Okap's Weapon Shop.
 33920 | Vaults:3 | Reached skill level 10 in Earth Magic
 34233 | Vaults:3 | Found a staircase to the Crypt.
 34743 | Vaults:3 | Reached XP level 21. HP: 213/213 MP: 17/32
 35447 | Vaults:4 | Learned a level 8 spell: Necromutation
 35780 | Vaults:4 | Reached skill level 10 in Transmutations
 37027 | Swamp:1  | Noticed Aizul
 37042 | Swamp:1  | Killed Aizul
 37133 | Swamp:4  | Entered Level 4 of the Swamp
 37380 | Swamp:4  | Reached skill level 10 in Spellcasting
 37526 | Swamp:4  | Noticed the 27-headed Lernaean hydra
 37533 | Swamp:4  | Killed the 27-headed Lernaean hydra
 37640 | Swamp:4  | Got a decaying rune of Zot
 37951 | Depths:1 | Entered Level 1 of the Depths
 38022 | Depths:1 | Found a gateway to Hell.
 38817 | Depths:1 | Found an opulent altar of Gozag.
 39148 | Depths:2 | Reached XP level 22. HP: 214/222 MP: 33/35
 39169 | Depths:2 | Reached skill level 1 in Necromancy
 39732 | Depths:2 | Found a one-way gate to the infinite horrors of the Abyss.
 40222 | Depths:2 | Noticed a royal mummy
 40230 | Depths:2 | Killed a royal mummy
 40399 | Depths:2 | Found a one-way gate leading to the halls of Pandemonium.
 40665 | Depths:3 | Noticed a juggernaut
 40666 | Depths:3 | Noticed a caustic shrike
 40680 | Depths:3 | Killed a caustic shrike
 40682 | Depths:3 | Noticed a caustic shrike
 40684 | Depths:3 | Noticed a caustic shrike
 40686 | Depths:3 | Killed a juggernaut
 40687 | Depths:3 | Reached skill level 18 in Unarmed Combat
 40692 | Depths:3 | Killed a caustic shrike
 40694 | Depths:3 | Killed a caustic shrike
 40736 | Depths:3 | Reached skill level 5 in Necromancy
 41006 | Depths:3 | Noticed Boris
 41010 | Depths:3 | Found a gateway to a ziggurat.
 41039 | Depths:3 | Killed Boris
 41189 | Depths:3 | Found Zeopt's Jewellery Shoppe.
 41189 | Depths:3 | Found Ygujeab's Book Shop.
 41190 | Depths:3 | Found Henoth's Book Shop.
 41200 | Depths:3 | Bought a book of Geomancy for 242 gold pieces
 41200 | Depths:3 | Bought a book of the Sky for 484 gold pieces
 41248 | Depths:3 | Noticed a golden dragon
 41282 | Depths:3 | Reached XP level 23. HP: 159/232 MP: 23/37
 41297 | Depths:3 | Found Ecsuxteu's Weapon Shop.
 41492 | Depths:3 | Acquired 575 gold pieces
 42530 | Depths:4 | Identified the +2 leather armour of the Thistle {rC- Str+5}
 42724 | Depths:4 | Reached skill level 15 in Fighting
 42995 | Depths:4 | Noticed the Enchantress
 43004 | Depths:4 | Killed the Enchantress
 43005 | Depths:4 | Reached skill level 10 in Throwing
 43097 | Depths:4 | Reached skill level 19 in Unarmed Combat
 43435 | Depths:4 | Found a bloodstained altar of Trog.
 43875 | Depths:5 | Entered Level 5 of the Depths
 43900 | Depths:5 | Noticed a caustic shrike
 43999 | Depths:5 | Killed a caustic shrike
 44004 | Depths:5 | Noticed a caustic shrike
 44012 | Depths:5 | Killed a caustic shrike
 44013 | Depths:5 | Noticed a caustic shrike
 44013 | Depths:5 | Noticed a caustic shrike
 44018 | Depths:4 | Killed a caustic shrike
 44082 | Depths:5 | Noticed Saint Roka
 44083 | Depths:5 | Killed a caustic shrike
 44135 | Depths:5 | Killed Saint Roka
 44346 | Depths:5 | Reached XP level 24. HP: 241/245 MP: 29/37
 44379 | Depths:5 | Found a gate to the Realm of Zot.
 44529 | Depths:5 | Paralysed by a floating eye for 4 turns
 45429 | Vaults:5 | Entered Level 5 of the Vaults
 45497 | Vaults:5 | Reached skill level 20 in Unarmed Combat
 45687 | Vaults:5 | Identified the +0 chain mail of Defence {Fly rPois Str+3}
 45814 | Vaults:5 | Noticed Mennas
 45822 | Vaults:5 | Killed Mennas
 45823 | Vaults:5 | Reached skill level 10 in Necromancy
 46053 | Vaults:5 | HP: 4/248 [tengu reaver/bolt of fire (21)]
 46083 | Vaults:5 | Noticed a dread lich
 46100 | Vaults:5 | Killed a dread lich
 46101 | Vaults:5 | Reached XP level 25. HP: 156/256 MP: 1/37
 46386 | Vaults:5 | Noticed an ancient lich
 46410 | Vaults:5 | Killed an ancient lich
 46448 | Vaults:5 | Found Zydghuw's Antique Armour Shoppe.
 46593 | Vaults:5 | Got a silver rune of Zot
 47018 | Vaults:5 | Found Wuat's Distillery.
 47022 | Vaults:5 | Bought a potion of curing for 48 gold pieces
 47022 | Vaults:5 | Bought a potion of curing for 48 gold pieces
 47022 | Vaults:5 | Bought a potion of curing for 48 gold pieces
 47022 | Vaults:5 | Bought a potion of might for 64 gold pieces
 47022 | Vaults:5 | Bought a potion of might for 64 gold pieces
 47022 | Vaults:5 | Bought a potion of might for 64 gold pieces
 47022 | Vaults:5 | Bought a potion of attraction for 48 gold pieces
 47022 | Vaults:5 | Bought a potion of heal wounds for 80 gold pieces
 47791 | Zot:1    | Entered Level 1 of the Realm of Zot
 47802 | Zot:1    | You fall into a shaft and drop 1 floor!
 47818 | Zot:2    | HP: 12/384 [golden dragon (12)]
 47819 | Zot:2    | Annihilated by a golden dragon

Illustrated notes

Levels and vault maps discovered:
D:1:      lemuel_arrival_rhombus, layout_rooms, chequers_serial_rivers_large_a,
          st_stairs_10, minivault_4, chequers_serial_rivers_marsh,
          minmay_shallow_snake_nest
D:2:      layout_loops_ring, wad_orctagon
D:3:      layout_basic, nicolae_ashenzari_skybound,
          chequers_ecumenical_altar_grove, uniq_terence, uniq_robin
D:4:      layout_basic, portal_sewer_entry_c, hangedman_decor_lopped,
          minmay_misc_feat_four_crosses, uniq_edmund, uniq_blork_the_orc
D:5:      layout_rooms, temple_doors_e, minivault_1, nicolae_stop_n_shop_1
D:6:      layout_basic, ebering_ghost_sewer_d, enter_ossuary_2, lightli_minifort
D:7:      layout_rooms, zin_purify, uniq_maggie
D:8:      minmay_distorted_concentric_squares, layout_rooms,
          lemuel_coloured_pillars_altar, enter_bailey_6, uniq_pikel, uniq_grum,
          uniq_psyche
D:9:      layout_roguey, ebering_ghost_funeral_grove
D:10:     layout_grid_maze, nicolae_overflow_hidden_temple,
          gammafunk_temple_overflow_wave
D:11:     layout_irregular_city, lair_entry_dummy, erik_orc_2, serial_shops,
          nicolae_diamond_shop
D:12:     layout_long_grid, portal_ice_cave_entry_imps, minmay_checkerbox
D:13:     minmay_chambers_of_sevens, layout_basic, david_vaults_1,
          gauntlet_entry_generic, minmay_fractal_squares_5
D:14:     minmay_box_of_curves, layout_basic, serial_park_square3
          [serial_park_minivault_5x5_2], kennysheep_generic_room_6
D:15:     grunt_enter_depths_hoard, layout_gridville, nrook_mini_backslash,
          nzn_life_drinkers
Temple:   hc_temple_tempest_star
Lair:1:   beast_lair_carwin_large_3, layout_regular_city
Lair:2:   layout_hall_layers, grunt_megastairs_4, uniq_harold, uniq_nergalle
Lair:3:   layout_regular_city
Lair:4:   layout_loops_ring, swamp_mist, spider_nest_entry_webs,
          grunt_forest_large_clearing_hut, grunt_megastairs_2
Lair:5:   layout_gridlike, serial_bayou_shore_b
Lair:6:   evilmike_catoblepas_cave, layout_regular_city,
          dpeg_slime_entry_enclosed_altar, lemuel_fruit_tree,
          serial_bayou_shore_a
Swamp:1:  layout_basic_swamp, evilmike_swamp_ruin_house_6, uniq_aizul,
          uniq_louise
Swamp:2:  layout_falls_marsh, nicolae_swamp_treefoil, swamp_pool1
Swamp:3:  layout_basic_swamp, hangedman_swamp_pad, swamp_pool3,
          nicolae_swamp_trees_clearing, infiniplex_staircase_pool
Swamp:4:  swamp, layout_basic_swamp
Spider:1: layout_spider_delve, hangedman_spider_tarantella_strand
Spider:2: layout_spider_delve
Spider:3: nicolae_spider_hilbert_zone_4 [nicolae_spider_hilbert_4_sides_2_open,
          nicolae_spider_hilbert_4_sides_1_open,
          nicolae_spider_hilbert_4_sides_1_open,
          nicolae_spider_hilbert_4_sides_1_open,
          nicolae_spider_hilbert_4_sides_1_open,
          nicolae_spider_hilbert_2_sides_1_open,
          nicolae_spider_hilbert_2_sides_1_open,
          nicolae_spider_hilbert_2_sides_1_open,
          nicolae_spider_hilbert_2_sides_1_open,
          nicolae_spider_hilbert_6_sides_1_open,
          nicolae_spider_hilbert_6_sides_1_open,
          nicolae_spider_hilbert_3_sides_1_open,
          nicolae_spider_hilbert_3_sides_1_open], uniq_donald, uniq_asterion
Spider:4: grunt_spider_rune_circles, nicolae_spider_bzzzt, uniq_arachne
Orc:1:    layout_caves, nicolae_shop_overcharged_wands
Orc:2:    st_orc_congregation, layout_diamond_mine
Elf:1:    nicolae_elf_arrival_no_cutting_in_line, layout_gridlike,
          minmay_elf_necromancy, grunt_ministairs_1, statue_in_the_mist_lemuel,
          uniq_frances, uniq_agnes
Elf:2:    nicolae_elf_blades_crystal_corner, layout_gridlike, basic_altar
Elf:3:    minmay_elf_hall_quartered_circle, layout_geoelf_castle,
          nicolae_elf_hall_of_bonks
Vaults:1: hangedman_vaults_stagger, nicolae_vaults_little_squares_3,
          nicolae_vaults_sealed_display, nicolae_vaults_alarming, serial_ice_h,
          ontoclasm_vaults_tryst, vaults_dpeg_cross,
          nicolae_vaults_angled_halls, nicolae_vaults_little_squares_1,
          hangedman_vaults_stitches, nicolae_vaults_what_the_h,
          grunt_vaults_funnel, vaults_room_pools, v_misc_14, layout_vaults_maze
Vaults:2: biasface_vaults_ghost_orc_armoury, grunt_vaults_diagonal,
          nicolae_vaults_little_ls, v_misc_1, ontoclasm_vaults_chip,
          vaults_mumra_lcd, nicolae_vaults_specimen_jars,
          layout_vaults_omnigrid, uniq_margery, uniq_boris, uniq_sojobo
Vaults:3: v_misc_17, blue_anna_dwarven_crypt, v_misc_13, v_misc_30, v_misc_26,
          st_octagons_1, v_misc_3, v_alt_pattern_5, v_misc_24,
          nicolae_vaults_little_squares_3, layout_vaults_omnicross,
          serial_shops, nicolae_shop_behind_doors
Vaults:4: vaults_room_door_ring, hangedman_vaults_locks,
          nicolae_vaults_little_squares_2, vaults_mumra_hex,
          hangedman_vaults_nails, vaults_room_door_hall,
          ontoclasm_vaults_bender, v_misc_12, nicolae_vaults_gold_heap,
          ontoclasm_vaults_idyll, nicolae_vaults_border_crossing,
          nicolae_vaults_diagonal_hallway_9, layout_vaults_ring
Vaults:5: uniq_mennas
Depths:1: kennysheep_blocky_room, layout_gridlike, hell_entry,
          grunt_gozag_statues
Depths:2: lemuel_minitomb, layout_honeycomb, hell_entry,
          hangedman_abyss_entry_splay, rand_demon_pan_entry_4, serial_sigils,
          serial_sigils_hangedman_writhe, serial_sigils_hangedman_stare,
          serial_sigils_hangedman_quiver, serial_sigils_hangedman_gut,
          serial_sigils_hangedman_scratch, serial_sigils_hangedman_snap,
          minmay_misc_feat_chi, hellmonk_bongcloud_opening, serial_bayou_shore_b
Depths:3: grunt_crosshair, layout_basic, enter_ziggurat_b,
          minmay_room_of_horrors, infiniplex_staircase_trident,
          rand_demon_pan_entry_1, serial_shops, shop, hell_entry,
          minmay_shop_grove
Depths:4: spriggan_forest, hell_entry, abyss_entry
Depths:5: grunt_zot_entry_funnels, layout_cave_pools,
          nicolae_abyss_entry_one_way_or_another, pf_vacation_house_of_asmodeus,
          chequers_serial_rivers_micro_e, uniq_saint_roka
Zot:1:    layout_concentric_octagons, drop_trap
Zot:2:    layout_misc_corridors

Skill      XL: |  1  2  3  4  5  6  7  8  9 10 11 12 13 14 15 16 17 18 19 20 21 22 23 24 25 |
---------------+----------------------------------------------------------------------------+-----
Throwing       | 1 2 3 4 5 6 8 9 10 12 13 | 13.7
Fighting       | 2 3 4 5 7 9 10 11 12 13 14 15 16 | 16.1
Unarmed Combat | 3 4 5 6 8 10 12 13 14 15 17 18 19 20 | 20.9
Spellcasting   | 2 3 4 5 7 8 10 11 | 11.0
Translocations | 3 4 5 6 7 |  7.2
Evocations     | 1 4 5 6 8 |  8.0
Armour         | 3 5 |  5.0
Dodging        | 4 5 |  5.7
Stealth        | 2 4 |  4.0
Invocations    | 2 5 8 11 | 11.2
Earth Magic    | 2 4 8 10 | 10.0
Transmutations | 2 3 6 9 11 12 | 12.0
Shields        | 6 9 |  9.0
Necromancy     | 5 8 10 11 | 11.6

Action                   |  1- 3 |  4- 6 |  7- 9 | 10-12 | 13-15 | 16-18 | 19-21 | 22-24 | 25-27 || total
-------------------------+-------+-------+-------+-------+-------+-------+-------+-------+-------++-------
Melee: Unarmed           |   129 |   229 |   512 |   800 |  1082 |  1037 |  1460 |  1351 |   189 ||  6789
       Punch             |       |     2 |    10 |    55 |   101 |    82 |       |       |       ||   250
Throw: Dart              |       |       |    23 |    34 |    20 |    12 |       |       |       ||    89
       Boomerang         |       |       |       |    64 |    29 |    14 |       |       |       ||   107
       Javelin           |       |       |       |       |    12 |    22 |       |     6 |       ||    40
       Large rock        |       |       |       |       |    57 |    41 |     9 |    19 |       ||   126
 Cast: Apportation       |       |       |       |     3 |     1 |       |       |       |       ||     4
       Blink             |       |       |       |    14 |    18 |       |     3 |     2 |     1 ||    38
       Manifold Assault  |       |       |       |     1 |     1 |     3 |     2 |       |       ||     7
       Statue Form       |       |       |       |       |       |       |    26 |    12 |     2 ||    40
Invok: Slouch            |       |       |       |       |       |    17 |     5 |     9 |       ||    31
       Bend Time         |       |       |       |       |       |     1 |       |       |       ||     1
       Step From Time    |       |       |       |       |       |       |       |     1 |       ||     1
 Abil: End Transformatio |       |       |       |       |       |       |     2 |       |       ||     2
Evoke: Wand              |       |       |     3 |     4 |     2 |     5 |     3 |       |       ||    17
       Box of beasts     |       |       |       |       |     1 |       |     1 |       |       ||     2
       Condenser vane    |       |       |       |       |       |     3 |     4 |     6 |       ||    13
       Tin of tremorston |       |       |       |       |       |     3 |     2 |     3 |       ||     8
  Use: Scroll            |       |     5 |    17 |     8 |     2 |     8 |     2 |     8 |     1 ||    51
       Potion            |       |       |       |       |     1 |     8 |     1 |     3 |       ||    13
 Stab: Sleeping          |       |     1 |       |       |    12 |    13 |    20 |    15 |       ||    61
       Distracted        |       |       |     1 |       |     2 |       |     3 |     3 |       ||     9
       Paralysed         |       |       |       |     3 |       |       |       |       |       ||     3
       Petrified         |       |       |       |       |    10 |       |       |       |       ||    10
       Confused          |       |       |       |       |       |     1 |       |       |       ||     1
Armor: Robe              |    55 |    45 |       |       |       |       |       |       |       ||   100
       Troll leather arm |       |    12 |   178 |   395 |   588 |   520 |   425 |   358 |    34 ||  2510
       Skin              |       |       |       |       |       |       |   377 |   356 |    58 ||   791
Dodge: Dodged            |    49 |    93 |   191 |   449 |   647 |   734 |   824 |   684 |    88 ||  3759
Block: Other             |       |       |    21 |   131 |       |       |       |       |       ||   152
       Reflection        |       |       |     4 |     5 |       |       |    28 |       |       ||    37
       Kite shield       |       |       |       |       |       |   256 |  1100 |  1031 |   155 ||  2542
